AoeStats
← Bu7

Glade

510289631Analyzed
1v1 RM · 2d ago on Sep 30, 2026· 28m 5s· 2 players
Game mode
Random Map
Map size
Tiny (2 player)
Population
200
Speed
Normal
Resources
Standard
Victory
Conquest
Starting age
Dark Age
Ending age
Imperial Age
RankedLock teamsTeams togetherTeam positionsShared explorationLock speedFull tech treeHidden civsTurbo modeCheats
Victory
Defeat
🇹🇷 Saracens · Türkiye
880
+17
🇨🇿 Bulgarians · Czechia
898
-17
Bu7
5:31 Loom
11:51 Feudal Age
12:20 Double-Bit Axe
12:17 Horse Collar
12:33 Gold Mining
18:04 Fletching
18:08 Man-at-Arms
20:22 Arson
20:54 Forging
20:45 Scale Mail Armor
25:42 Castle Age
26:37 Bow Saw
26:29 Heavy Plow
25:51 Crossbowman
26:30 Stone Mining
27:07 Gambesons
Petříček
9:07 Loom
12:02 Feudal Age
13:17 Double-Bit Axe
15:19 Forging
18:23 Scale Barding Armor
18:11 Fletching
18:41 Arson
19:09 Horse Collar
20:29 Town Watch
24:47 Castle Age
24:58 Elite Skirmisher
25:52 Squires
26:11 Thumb Ring
Connection lost

Rejoining the realm…

Still unreachable

The connection could not be restored.

Session expired

The server has moved on; the page needs a fresh start.